Cogmind - Beta 16.1 @@@ ROGUE MODE // 2026.04.04 @ 21:41:46 Player: Thqwib-Linux Result: Destroyed by HK-08R(R) with Subdweller Machine Gun Performance ------------- Evolutions (0) 0 Regions Visited (2) 400 Robots Destroyed (24) 120 Value Destroyed (692) 692 Prototype IDs (15) 300 Alien Tech Used (0) 0 Bonus (-39) -39 TOTAL SCORE: 1473 Bonus ------- Friendly Fire -39 Cogmind --------- Core Integrity 0/250 Matter 60/300 Energy 98/100 System Corruption 0% Temperature Cool (0) Movement Walking (190) Ox1 Location -10/Subcaves Parts ------- > --- POWER (1) -------- (None) > --- PROPULSION (2) --- Aluminum Leg > --- UTILITY (2) ------ Small Storage Unit Hardened Light Armor Plating > --- WEAPON (2) ------- Autogun Autogun > --- INVENTORY (8) ---- Hardened Light Armor Plating Autogun 1B-0RG's Assimilator Peak State ------------ > --- POWER ------------ Light Ion Engine > --- PROPULSION ------- Aluminum Leg Aluminum Leg > --- UTILITY ---------- Small Storage Unit Hardened Light Armor Plating > --- WEAPON ----------- Autogun Autogun > --- INVENTORY -------- Hardened Light Armor Plating Autogun Grenade Launcher 1B-0RG's Assimilator [Rating: 17] Favorites ----------- Power Light Ion Engine Engine Light Ion Engine Propulsion Aluminum Leg Leg Aluminum Leg Wheel Wheel Utility Small Storage Unit Storage Small Storage Unit Protection Hardened Light Armor Plating Weapon Autogun Energy Gun Medium Laser Ballistic Gun Autogun Launcher Grenade Launcher Build | -11 -10 -10 ------- Run | Yrd Mat Sub Slots Evolved . | . . . Power . | . . . Propulsion . | . . . Utility . | . . . Weapon . | . . . Parts Attached 21 | 2 14 5 Power 3 | . 2 1 Engine 3 | . 2 1 Core . | . . . Reactor . | . . . Propulsion 8 | 2 6 . Treads . | . . . Leg 6 | . 6 . Wheel 2 | 2 . . Hover . | . . . Flight . | . . . Utility 3 | . 2 1 Device . | . . . Storage 1 | . 1 . Processor . | . . . Hackware . | . . . Protection 2 | . 1 1 Artifact . | . . . Weapon 7 | . 4 3 Energy Gun . | . . . Energy Cannon . | . . . Ballistic Gun 6 | . 4 2 Ballistic Cannon . | . . . Launcher 1 | . . 1 Special Weapon . | . . . Impact Weapon . | . . . Slashing Weapon . | . . . Piercing Weapon . | . . . Special Melee Weapon . | . . . Unidentified Prototypes . | . . . Parts Lost 7 | . 4 3 Power 3 | . 2 1 Propulsion 3 | . 2 1 Utility . | . . . Weapon 1 | . . 1 Highest Loss Streak 3 | . 2 3 To Critical Strikes . | . . . Average Backups 6 | 7 6 7 Power 1 | 1 1 . Propulsion . | 5 . . Utility 1 | . 1 1 Weapon 3 | 1 3 4 Tool/Special . | . . . Unused Backups 13 | . 9 4 Power . | . . . Propulsion 1 | . 1 . Utility 3 | . 2 1 Weapon 8 | . 6 2 Tool/Special 1 | . . 1 Average Slot Usage (%) 96 | . 92 99 Engine 13 | . 14 13 Leg 24 | . 21 27 Wheel 2 | . 4 . Storage 14 | . 14 14 Protection 11 | . 8 14 Ballistic Gun 26 | . 25 26 Peak Build Rating 17 | 6 11 17 Average Rating 10 | 5 8 11 On Entrance 7 | 6 6 11 Avg Prop Armor Cover (%) . | . . . Naked Turns . | . . . Heaviest Build 19 | 11 19 19 Greatest Support 20 | 20 20 20 Greatest Overweight (x) 3 | . 3 . Average Overweight (x) . | . . . Largest Inventory Capacity 8 | 8 8 8 Average Capacity 8 | 8 8 8 Most Carried 8 | 8 8 8 Average Carried 7 | 5 6 7 Final Capacity 8 | 8 8 8 Final Carried 8 | 1 8 7 Class Distribution -------------------- 100% | Mutant Dominant Class ---------------- Mutant | -10/Materials Mutant | -10/Subcaves Resources | -11 -10 -10 ----------- Run | Yrd Mat Sub Matter Collected 864 | 200 251 413 Remotely . | . . . Salvage Created 829 | . 331 498 Parts 55 | . 22 33 Haulers Intercepted 1 | . 1 . Recyclers Shooed 1 | . 1 . Parts Field Recycled . | . . . Retrieved Matter . | . . . Parts Self-Destructed 8 | . . 8 Prevented . | . . . Parts Restored . | . . . Kills | -11 -10 -10 ------- Run | Yrd Mat Sub Combat Hostiles Destroyed 22 | . 10 12 Guns 18 | . 10 8 AOE 4 | . . 4 Classes Destroyed 6 | . 4 2 Worker 1 | . 1 . Hauler 1 | . 1 . Swarmer 6 | . 6 . Grunt 4 | . 4 . Artisan 1 | . . 1 Subdweller 12 | . . 12 Best Kill Streak 4 | . 4 2 Combat Bots Only 3 | . 3 2 Max Kills in Single Turn 2 | . 1 2 Gunslinging . | . . . Exploded 2 | . . 2 Melee . | . . . Uniques/NPCs Destroyed . | . . . Combat | -11 -10 -10 -------- Run | Yrd Mat Sub Hostile Shots Fired 104 | . 53 51 Missed 37 | . 18 19 Hits 67 | . 35 32 Projectile 67 | . 35 32 AOE 3 | . . 3 Critical Strikes 1 | . . 1 Damage Taken 1285 | . 439 846 Core 260 | . 81 179 Absorbed by Shields . | . . . Core Remaining (%) 100 | 100 . . Volleys Fired 98 | . 49 49 Largest 2 | . 2 2 Hottest 70 | . 70 53 Shots Fired 179 | . 98 81 Gun 155 | . 98 57 Cannon . | . . . Launcher 24 | . . 24 Special . | . . . Kinetic 145 | . 88 57 Thermal 10 | . 10 . Explosive 24 | . . 24 Electromagnetic . | . . . Robot Hit Streak 11 | . 11 10 Robot Miss Streak 7 | . 7 2 Penetration Max . | . . . Secondary Targets . | . . . Shots Hit Robots 101 | . 54 47 Core Hits 48 | . 22 26 Critical Kills . | . . . Critical Parts Destroyed . | . . . Critical Strikes . | . . . Melee Attacks . | . . . Impact . | . . . Slashing . | . . . Piercing . | . . . Sneak Attacks . | . . . Combat Hostiles . | . . . Follow-up Attacks . | . . . Damage Inflicted 1715 | . 573 1142 Guns 1178 | . 559 619 Cannons . | . . . Explosions 523 | . . 523 Melee . | . . . Ramming 14 | . 14 . Kinetic 1090 | . 471 619 Thermal 88 | . 88 . Explosive 523 | . . 523 Electromagnetic . | . . . Impact . | . . . Slashing . | . . . Piercing . | . . . Highest Corruption . | . . . Average Corruption . | . . . Corruption Purged . | . . . Corruption Blocked . | . . . Overload Shots . | . . . Overflow Damage . | . . . Projectiles . | . . . Explosions . | . . . Melee . | . . . Knockbacks . | . . . Impact . | . . . Kinetic . | . . . Secondary . | . . . Self-Inflicted Damage 27 | . . 27 Shots 1 | . . 1 Rammed . | . . . Targets Rammed 4 | . 4 . Kicked 4 | . 4 . Crushed . | . . . Highest Temperature 160 | . 160 . Average Temperature 37 | . 37 . Received Heat Transfer 150 | . 90 60 Siege Activations . | . . . Martial Activations . | . . . Shielding Activations . | . . . Robots Disrupted . | . . . Combat Hostiles . | . . . Robots Corrupted . | . . . Combat Hostiles . | . . . Parts Fried . | . . . Impact Corruptions . | . . . Robots Melted . | . . . Combat Hostiles . | . . . Parts Melted . | . . . Heat Transferred 259 | . 259 . Parts Sabotaged . | . . . Parts Stolen . | . . . Parts Stripped . | . . . Power Chain Reactions . | . . . Alert | -11 -10 -10 ------- Run | Yrd Mat Sub Maximum Alert Level . | . . . Low Security (%) 100 | 100 100 . Level 1 . | . . . Level 2 . | . . . Level 3 . | . . . Level 4 . | . . . Level 5 . | . . . High Security . | . . . Max Security . | . . . Peak Influence 85 | . 85 . Initial . | . . . Average 16 | . 16 . Influence Increases 267 | . 267 . Destroy 0b10 Robot/C 200 | . 200 . Destroy 0b10 Robot/NC 10 | . 10 . Destroy Leader 32 | . 32 . Successful Hack 24 | . 24 . Destroy Structure 1 | . 1 . Influence Decreases 267 | . 267 . Time Decay 227 | . 227 . Lost Part 40 | . 40 . Squads Dispatched . | . . . Investigation . | . . . Extermination . | . . . Reinforcement . | . . . Assault . | . . . Garrison . | . . . Intercept . | . . . Searches Triggered . | . . . Construction Impeded . | . . . Haulers Reinforced . | . . . Active Scanning Responses . | . . . Cargo Convoy Interrupts . | . . . Stealth | -11 -10 -10 --------- Run | Yrd Mat Sub Distress Signals 1 | . 1 . Communications Jammed . | . . . Distress Signals . | . . . Times Spotted 32 | . 18 14 Peak Tracking Total 5 | . 5 4 Tactical Retreats . | . . . Traps | -11 -10 -10 ------- Run | Yrd Mat Sub Traps Triggered 5 | . 4 1 Indirectly . | . . . Trap Hack Attempts . | . . . Triggered . | . . . Disarmed . | . . . Reprogrammed . | . . . Reused . | . . . Traps Extracted . | . . . Installed . | . . . Triggered . | . . . Machines | -11 -10 -10 ---------- Run | Yrd Mat Sub Machines Disabled . | . . . Max in Single Turn . | . . . Machines Repaired . | . . . Machines Dismantled . | . . . Machines Sabotaged . | . . . Overloaded Fab Kills . | . . . Hacking | -11 -10 -10 --------- Run | Yrd Mat Sub Machines Accessed 7 | . 6 1 Terminals 5 | . 5 . Fabricators . | . . . Repair Stations 1 | . 1 . Recycling Units . | . . . Scanalyzers . | . . . Garrison Access . | . . . Total Hacks 32 | . 23 9 Successful 23 | . 14 9 Failed 8 | . 8 . Catastrophic . | . . . Database Lockouts 1 | . 1 . Manual 10 | . 10 . Terminals 21 | . 21 . Fabricators . | . . . Repair Stations 2 | . 2 . Recycling Units . | . . . Scanalyzers . | . . . Garrison Access . | . . . Terminal Hacks 18 | . 9 9 Record 8 | . . 8 Robot Analysis 2 | . 2 . Prototype ID Bank 1 | . 1 . Locate Traps 1 | . 1 . Transport Status 1 | . 1 . Hauler Manifests 1 | . 1 . Registered Components 1 | . 1 . Zone Layout 2 | . 2 . Proto ID Catalog 1 | . . 1 Fabricator Hacks . | . . . Repair Station Hacks . | . . . Recycling Unit Hacks . | . . . Scanalyzer . | . . . Garrison Access Hacks . | . . . Unauthorized Hacks 5 | . 5 . Terminals 5 | . 5 . Botnet 5 | . 5 . Fabricators . | . . . Repair Stations . | . . . Recycling Units . | . . . Scanalyzers . | . . . Garrison Access . | . . . Data Cores Recovered . | . . . Used . | . . . Hacking Detections 5 | . 5 . Full Trace Events 1 | . 1 . Feedback Events . | . . . Feedback Blocked . | . . . Robot Schematics Acquired . | . . . Robots Built . | . . . Authchips . | . . . Time . | . . . Total Robot Build Rating . | . . . Part Schematics Acquired . | . . . Parts Built . | . . . Authchips . | . . . Time . | . . . Total Part Build Rating . | . . . Part Studies Acquired . | . . . Parts Repaired . | . . . Time . | . . . Parts Recycled . | . . . Recycled Matter . | . . . Retrieved Matter . | . . . Retrieved Components . | . . . Parts Scanalyzed . | . . . Part Schematics Acquired . | . . . Parts Damaged . | . . . Bothacking | -11 -10 -10 ------------ Run | Yrd Mat Sub Used RIF Installer . | . . . Robots Hacked . | . . . Non-combat . | . . . Combat . | . . . Robot Hacks Applied . | . . . Relay Couplers Released . | . . . Fabnet Peak Effective % . | . . . Robots Rewired . | . . . Allies Hacked . | . . . Hacks Repelled . | . . . Allies | -11 -10 -10 -------- Run | Yrd Mat Sub Total Allies . | . . . Largest Group . | . . . Highest-Rated Group . | . . . Highest-Rated Ally . | . . . Total Orders . | . . . Ally Attacks . | . . . Total Damage . | . . . Kills . | . . . Allies Corrupted . | . . . Allies Melted . | . . . Intel | -11 -10 -10 ------- Run | Yrd Mat Sub Active Infowar (turns) . | . . . Robot Analysis Total 2 | . 2 . Derelict Logs Recovered . | . . . Drone Launches . | . . . Drone Recoveries . | . . . Exploration | -11 -10 -10 ------------- Run | Yrd Mat Sub Turns Passed 2374 | 6 1093 1275 Spaces Moved 1705 | 1 788 916 Core 2 | . 2 . Treads . | . . . Legs 1513 | . 597 916 Wheels 190 | 1 189 . Hover . | . . . Flight . | . . . Fastest Speed 80 | 80 80 120 Average Speed 115 | 80 110 120 Slowest Speed 200 | 80 200 120 Overloaded Moves . | . . . Propulsion Burnouts . | . . . Robots Hopped . | . . . Potential Cave-ins . | . . . Cave-ins Triggered . | . . . Exploration Rate (%) 43 | 2 93 36 Regions Visited 2 Branch Regions 1 Pre-discovered Areas . | . . . Known Exits Taken . | . . . Unknown Exits Taken 2 | 1 1 . Scrap Searched 8 | . . 8 Spaces Dug 4 | . . 4 Terrain Destroyed 97 | . . 97 Melee . | . . . Projectile . | . . . AOE 97 | . . 97 Terrain Rammed . | . . . Walls Destroyed . | . . . Machines Disabled . | . . . Actions | -11 -10 -10 --------- Run | Yrd Mat Sub Total 1958 | 9 931 1018 Wait 75 | . 48 27 Move 1703 | . 787 916 Hop . | . . . Pick Up 17 | . 14 3 Fast Attach 4 | . 4 . Attach 6 | 2 3 1 Detach 4 | 2 2 . Swap 22 | . 7 15 Drop 25 | 5 13 7 Fire 98 | . 49 49 Melee . | . . . Ram . | . . . Kick 4 | . 4 . Crush . | . . . Escape Stasis . | . . . Rewire . | . . . Trap . | . . . Miscellaneous . | . . . Route ------- -11/Scrapyard -10/Materials (discovered 5 exits: [*Mat x3] / [*Min] / *Sub) -10/Subcaves History --------- Turn | Location | Event 7 | -11/Scrapyard | Discovered new exit (range 0) 7 | -11/Scrapyard | Entered Materials 73 | -10/Materials | Discovered new exit (range 15) 317 | -10/Materials | Build established: Mutant 337 | -10/Materials | Discovered new exit (range 12) 500 | -10/Materials | Central database locked down 514 | -10/Materials | Discovered new exit (range 16) 745 | -10/Materials | Discovered new exit (range 5) 1064 | -10/Materials | Discovered new exit (range 7) 1100 | -10/Materials | Entered Subcaves 1101 | -10/Subcaves | Approached by a straggling Scientist 1378 | -10/Subcaves | Core integrity fell below 50% 1604 | -10/Subcaves | Shifting Twisted Machinery released Sub. Monowheel 1668 | -10/Subcaves | Shifting Twisted Machinery released Multitool 1804 | -10/Subcaves | Disturbed a concealed Subdweller 2045 | -10/Subcaves | Ambushed by Subdwellers from Twisted Machinery 2224 | -10/Subcaves | Visited 4L-MR0's lab 2242 | -10/Subcaves | Found Prototype Special Melee Weapon 2344 | -10/Subcaves | Ambushed by Subdweller buried in earth 2344 | -10/Subcaves | Ambushed by Subdweller buried in earth 2354 | -10/Subcaves | Core integrity fell below 20% 2375 | -10/Subcaves | Destroyed by HK-08R(R) with Subdweller Machine Gun Last Messages --------------- installation process. I did warn them to fully install it before trying to fire, and something tells me that's where things went wrong. Still I'm glad they didn't listen, that way I'm not culpable for whatever they would've done with it. If we're lucky even some of the others got blasted, too. 02236_ Dropped Hrd. Light Armor Plating. 02238_ Dropped Lgt. Ion Engine. 02238_ Dropped Lgt. Cannon. 02239_ Dropped Sub. Machine Gun. 02241_ Dropped Autogun. 02242_ Acquired Prototype Special Melee Weapon. 02345_ 85-4WA(R): "ARGHSUB!" 02345_ 5Q-B0U(R): "ARGHSUB!" 02346_ Grenade Launcher destroyed. 02348_ Lgt. Ion Engine destroyed. 02362_ 5Q-B0U(R) destroyed. 02363_ Aluminum Leg destroyed. 02369_ 85-4WA(R) destroyed. Map ----- +----------------------------------------------------+ | ?????????????????????????????????????????????????? | | ?????????????????????????????????????????????????? | | ?????????????????????????????????????????????????? | | ?????????????????????????????????????????????????? | | ?????????????????????????????????????????????????? | | ?????????????????????????????????????????????????? | | ?????????????????????????????????????????????????? | | ?????????????????????????????????????????????????? | | ?????????????????????????????????????????????????? | | ?????????????????????????????????????????????????? | | ?????????????????????????????????????????????????? | | ???????????????????????????????????????????????### | | ???????????????????????????????????????????????# | | ??????????????????????????????????????????????## | | ?????????????????????????"""??????????????????# | | ?????????????????????????" ?????????????????## | | ????????????????? """???# ????????????????## | | ???????????????""""" ### ???????????????## &!& | | ????????????????" " " # ???????????????# !*&*# | | ????????????????? """ ? ##??????????????## !## | | ???????????????### ? ##??????????????###&## | | ???????????????? ### ????????????????##%[# | | ?????????????##### ## #???????????????##*&% | | ?????????????# # ##" #???????????????#[&= | | ?????????????#" ## #???????????????# | | ?????????##### #@*!##????###???##### | | ?????????#""" ##%R #????# ##### # | | ????????## ##%!##???## | | ????????# #???# #### ### | | ????????# ##???# ##?#####?## | | ????????## #????## #????????## | | ?????????#" "" ##????# #?????????# | | ?????????#" " ##?????## #???????### | | ?????????# ### ###??????# ##??????## | | ?????????### #?# #????????# #??????# | | ???????????###?##### ##??####### ##??????# | | ??????????????????##### #### # ##??????##### | | ???????????#####??# #[ ####???????? | | ???????????# ##?# # #???????? | | ???????????# #### ##= ### #### ##???????? | | ???????????# # # ### #?###??? #???????? | | ??????????## = # #?????? ##???????? | | ?????????## ## #?????? #????????? | | ??????#### ### ????? ????????? | | ??????# #?#### ##???? #???????? | | ??????# #?????# #?????? #???????? | | ??????###### ##?????? ???????#???????? | | ??????###### #???????? ??????????????? | | ??????# ##### #???????? ?????????????? | | ??????# ##??## #???????? ????????????? | +----------------------------------------------------+ Best States ------------- Heat Dissipation 25 Energy Generation 10 Energy Capacity 125 Matter Stores 300 Matter Capacity 300 Sight Range 16 Terrain Scan Density 10 Armor Coverage 150 Evasion (%) 55 Item Schematics ----------------- None Robot Schematics ------------------ None Fabricated ------------ Nothing Repaired ---------- Nothing Studied --------- None Alien Tech Used ----------------- None Achievements -------------- None Challenges ------------ None Game ------ Seed BorgSchematicCompressor Manual? 0 Play Time 00:23:30 Cumulative 96.5 hours Start 2026.04.04 @ 21:15:08 End 2026.04.04 @ 21:41:46 Sessions 1 Manual Loads 0 Difficulty Rogue Special Mode None Game No. 85 Rogue 85 Adventurer 0 Explorer 0 Win Type - Total 5 Types 3/0/1/1/0/0/0/0/0/0 Lore% 54 Gallery% 46 Achievement% 41 Wizard Run 0 Options --------- Layout 2 ASCII 0 Keyboard 1 Movement Arrows Keybinds 0 Fullscreen 2 Font 24/Terminus Map View 50x44 Zoom Use 0% Tactical HUD 1 Map Filters NONE Filters NONE Steam 1 RUN: 098af2f2-0a13-4517-983b-c2b656904997